 Dungeon Crawl Stone Soup version 0.31-a0-182-gc5ef74bbde (webtiles) character file.

Game seed: 14117420806799266087

18739 qw the Cleaver (level 12, -1/77 HPs)
             Began as a Gargoyle Fighter on June 21, 2023.
             Was an Elder of Okawaru.
             Slain by a five-headed hydra (7 damage)
             ... on level 3 of the Lair of Beasts.
             The game lasted 00:07:20 (12087 turns).

qw the Cleaver (Gargoyle Fighter)                  Turns: 12087, Time: 00:07:20

Health: -1/77      AC: 34    Str: 23    XL:     12   Next: 61%
Magic:  15/17      EV: 14    Int: 11    God:    Okawaru [****..]
Gold:   653        SH: 11    Dex:  9    Spells: 11/11 levels left

rFire   . . .        b - +0 flail
rCold   . . .        c - +0 buckler
rNeg    + . .        o - +0 plate armour
rPois   inf          g - +0 helmet
rElec   +            s - scarf {repulsion}
rCorr   .            p - +0 pair of gloves
SInv    .            r - +0 pair of boots
Will    .....        t - amulet of reflection Stlth
                     m - +4 ring of protection
HPRegen 0.32/turn    i - +5 ring of evasion
MPRegen 0.15/turn

%: repel missiles, reflection
@: about to teleport, heroic
A: sickness immunity, AC +8, negative energy resistance 1, electricity
resistance, torment resistance 1, petrification resistance
a: Renounce Religion, Heroism, Finesse


You were on level 3 of the Lair of Beasts.
You worshipped Okawaru.
Okawaru was greatly pleased with you.
You visited 3 branches of the dungeon, and saw 13 of its levels.

You collected 653 gold pieces.


Innate Abilities, Weirdness & Mutations

You are immune to sickness and miasma.
Your stone body is resilient. (AC +8)
You are immune to poison.
You resist negative energy. (rN+)
You are resistant to electric shocks. (rElec)
You are resistant to unholy torment.
You are immune to petrification.


   Skills:
 - Level 10.0(15.0) Fighting
 + Level 12.8(17.8) Axes
 - Level 4.8(9.8) Throwing
 - Level 9.0(14.0) Armour
 - Level 2.3(7.3) Dodging
 - Level 6.0(11.0) Shields
 + Level 6.8 Invocations


You had 11 spell levels left.
You didn't know any spells.
Your spell library was empty.

Inventory:

Hand Weapons
 b - a +0 flail (weapon)
 Y - a +0 war axe
Missiles
 n - 5 boomerangs (quivered)
Armour
 c - a +0 buckler (worn)
 g - a +0 helmet (worn)
 o - a +0 plate armour (worn)
 p - a +0 pair of gloves (worn)
 r - a +0 pair of boots (worn)
 s - a scarf of repulsion (worn)
 v - +0 acid dragon scales
Jewellery
 i - a +5 ring of evasion (right hand)
 l - a ring of fire
 m - a +4 ring of protection (left hand)
 t - an amulet of reflection (around neck)
 w - a ring of positive energy
Scrolls
 a - 2 scrolls of teleportation
 f - 6 scrolls of identify
 A - a scroll of enchant weapon {unknown}
Potions
 d - 4 potions of might
 e - a potion of heal wounds
 h - a potion of curing
 j - 3 potions of mutation
 k - 2 potions of haste
 q - 2 potions of enlightenment
 u - a potion of resistance
 z - a potion of magic

Dungeon Overview and Level Annotations

Branches:
Dungeon (9/15)             Temple (1/1) D:7            Lair (3/5) D:9
    Orc (0/2) D:9
  Swamp: Lair:2-3    Shoals: Lair:2-3     Snake: Lair:2-3    Spider: Lair:2-3

Altars:
Ashenzari
Cheibriados
Dithmenos
Elyvilon
Fedhas
Gozag
Hepliaklqana
Kikubaaqudgha
Makhleb
Nemelex Xobeh
Okawaru
Qazlal
Ru
Sif Muna
Trog
Uskayaw
Vehumet
Wu Jian
Xom
Yredelemnul
Zin

Shops:
D:1 :


Message History

The blink frog is severely wounded.
You feel like a meek peon again.
The blink frog blinks!
You block the yak's attack.
The five-headed hydra barely misses you.
The five-headed hydra bites you. x3
The five-headed hydra bites you but does no damage.
12082 ||| INVOKING Heroism.
You gain the combat prowess of a mighty hero.
The yak gores you but does no damage.
The five-headed hydra bites you but does no damage. x2
You block the five-headed hydra's attack. x2
The five-headed hydra bites you.
You hit the five-headed hydra.
The five-headed hydra is lightly wounded.
You block the yak's attack.
You barely miss the five-headed hydra.
The five-headed hydra is lightly wounded.
The five-headed hydra bites you but does no damage. x2
You block the five-headed hydra's attack.
The five-headed hydra bites you but does no damage. x2
You hit the five-headed hydra but do no damage.
The five-headed hydra is lightly wounded.
The yak misses you. The five-headed hydra misses you.
The five-headed hydra bites you but does no damage. x2
The five-headed hydra bites you.
You block the five-headed hydra's attack.
You sock the five-headed hydra!
The five-headed hydra is moderately wounded.
You block the yak's attack. The five-headed hydra bites you!
The five-headed hydra bites you but does no damage. x2
The five-headed hydra completely misses you.
The five-headed hydra bites you!
12087 ||| READING 3 scrolls of teleportation.
As you read the scroll of teleportation, it crumbles to dust.
You feel strangely unstable.
The blink frog blinks!
The yak misses you. The five-headed hydra misses you.
The five-headed hydra completely misses you.
You block the five-headed hydra's attack.
The five-headed hydra bites you!
You die...

..((.....
.........
........#
........#
........#
.......ยค#
......YD##
......%@%#
.......%.#
......F..#
.........#
......<..#
........##
........##
.........#
........##


You could see a five-headed hydra, a yak and a blink frog.

Vanquished Creatures
  2 catoblepae
  A skyshark (Lair:2)
  Pikel (D:6)
  A lindwurm (Lair:3)
  6 cane toads
  3 black mambas
  A rime drake (Lair:2)
  5 komodo dragons
  A hornet (Lair:2)
  A blink frog (Lair:2)
  2 wyverns
  Sigmund (D:2)
  32 yaks
  2 basilisks
  Grum (Lair:1)
  4 steam dragons
  A warg (D:9)
  An acid dragon (D:9)
  9 water moccasins
  3 orc warriors
  6 centaurs
  7 wolves (Lair:1)
  An ogre (D:4)
  2 phantoms
  2 lemures (D:6)
  2 kobold brigands
  8 bullfrogs
  3 scorpions
  8 wights
  11 killer bees
  A howler monkey (D:8)
  4 hounds
  7 orc priests
  A jelly (D:6)
  2 gnoll boudas (D:8)
  A sleepcap (D:6)
  Jessica (D:2)
  5 iguanas
  3 orc wizards
  Terence (D:2)
  10 adders
  16 gnolls
  A shadow imp (D:5)
  A white imp (D:7)
  3 ufetubi
  A worm (D:3)
  5 dart slugs
  34 orcs
  4 bats
  9 endoplasms
  3 giant cockroaches
  6 goblins
  4 hobgoblins
  10 jackals
  2 quokkas
  3 ball pythons
  3 frilled lizards
  20 kobolds
  7 rats
296 creatures vanquished.

Notes
Turn   | Place    | Note
-------+----------+-------------------------------------------
     0 | D:1      | qw the Gargoyle Fighter began the quest for the Orb.
     0 | D:1      | Reached XP level 1. HP: 14/14 MP: 1/1
     0 | D:1      | 0 ||| qw: Version: 0.3-a-9-g12657ce
     0 | D:1      | 0 ||| qw: Game counter: 1637
     0 | D:1      | 0 ||| qw: Always use a shield: true
     0 | D:1      | 0 ||| qw: God list: Okawaru
     0 | D:1      | 0 ||| qw: Allow faded altars: false
     0 | D:1      | 0 ||| qw: Do Orc after D:15 true
     0 | D:1      | 0 ||| qw: Do second Lair branch before Depths: true
     0 | D:1      | 0 ||| qw: Lair rune preference: random
     0 | D:1      | 0 ||| qw: Plans: Normal, Zot:1-4, Slime:5, God:TSO, Crypt,
                  | Tomb, Abyss, Pan, Hells, Win
     0 | D:1      | 0 ||| PLANNING D:1-11
   116 | D:1      | Found Cifilam's Book Emporium.
   129 | D:1      | Reached skill level 2 in Axes
   209 | D:1      | Reached XP level 2. HP: 15/19 MP: 2/2
   552 | D:1      | Reached skill level 3 in Axes
   651 | D:1      | Reached XP level 3. HP: 23/23 MP: 3/3
   740 | D:1      | 740 ||| UPGRADING to +0 chain mail.
   750 | D:1      | 750 ||| DROPPING +0 scale mail.
   751 | D:1      | 751 ||| READING scroll labelled VUNOWNIUSE.
   752 | D:1      | 752 ||| READING 2 scrolls labelled NUKKIOM GUTHRO.
   753 | D:1      | 753 ||| READING scroll labelled INUOBATIARR.
   822 | D:2      | 822 ||| DROPPING +0 whip.
   923 | D:2      | 923 ||| Stepping ~*~*~tactically~*~*~ (stealth).
   938 | D:2      | Noticed Terence
   941 | D:2      | 941 ||| FLEEEEING.
   942 | D:2      | 942 ||| FLEEEEING.
   943 | D:2      | 943 ||| FLEEEEING.
   948 | D:2      | Killed Terence
   949 | D:2      | Reached XP level 4. HP: 21/28 MP: 4/4
   983 | D:2      | 983 ||| DROPPING +0 mace.
   991 | D:2      | 991 ||| Stepping ~*~*~tactically~*~*~ (stealth).
   993 | D:2      | 993 ||| Stepping ~*~*~tactically~*~*~ (stealth).
  1000 | D:2      | Reached skill level 4 in Axes
  1031 | D:2      | 1031 ||| Stepping ~*~*~tactically~*~*~ (stealth).
  1082 | D:2      | Noticed Sigmund
  1093 | D:2      | Killed Sigmund
  1094 | D:2      | Reached skill level 5 in Axes
  1094 | D:2      | Reached XP level 5. HP: 30/32 MP: 5/5
  1127 | D:2      | Noticed Jessica
  1128 | D:2      | 1128 ||| Stepping ~*~*~tactically~*~*~ (hiding).
  1129 | D:2      | 1129 ||| Stepping ~*~*~tactically~*~*~ (hiding).
  1130 | D:2      | 1130 ||| Stepping ~*~*~tactically~*~*~ (hiding).
  1135 | D:2      | Killed Jessica
  1136 | D:2      | Reached XP level 6. HP: 38/38 MP: 6/6
  1537 | D:2      | 1537 ||| DRINKING 3 black potions.
  1538 | D:2      | 1538 ||| READING 2 scrolls of identify.
  1538 | D:2      | 1538 ||| IDENTIFYING smoky dark potion
  1539 | D:2      | 1539 ||| DROPPING potion of degeneration.
  1723 | D:3      | 1723 ||| Stepping ~*~*~tactically~*~*~ (stealth).
  2125 | D:3      | Found a faded altar of an unknown god.
  2129 | D:3      | Found a hazy altar of Hepliaklqana.
  2193 | D:3      | 2193 ||| Stepping ~*~*~tactically~*~*~ (hiding).
  2207 | D:3      | Reached skill level 1 in Throwing
  2219 | D:3      | Found a basalt altar of Yredelemnul.
  2263 | D:3      | 2263 ||| Stepping ~*~*~tactically~*~*~ (hiding).
  2264 | D:3      | 2264 ||| Stepping ~*~*~tactically~*~*~ (hiding).
  2265 | D:3      | 2265 ||| Stepping ~*~*~tactically~*~*~ (hiding).
  2388 | D:3      | 2388 ||| Stepping ~*~*~tactically~*~*~ (stealth).
  2389 | D:3      | 2389 ||| Stepping ~*~*~tactically~*~*~ (stealth).
  2391 | D:3      | 2391 ||| Stepping ~*~*~tactically~*~*~ (hiding).
  2502 | D:3      | 2502 ||| READING 2 scrolls labelled COSTRE RIADO.
  2506 | D:3      | 2506 ||| READING scroll labelled DAT WIRARAMA.
  2534 | D:3      | 2534 ||| DRINKING 2 fizzy coppery potions.
  2535 | D:3      | 2535 ||| READING 2 scrolls of identify.
  2535 | D:3      | 2535 ||| IDENTIFYING viscous grey potion
  2623 | D:4      | 2623 ||| STAIRDANCE
  2627 | D:4      | 2627 ||| STAIRDANCE
  2643 | D:3      | Reached skill level 6 in Axes
  2643 | D:3      | Reached XP level 7. HP: 33/43 MP: 7/7
  2684 | D:4      | 2684 ||| STAIRDANCE
  2696 | D:3      | Reached skill level 1 in Dodging
  2730 | D:4      | 2730 ||| STAIRDANCE
  2739 | D:4      | 2739 ||| STAIRDANCE
  2743 | D:4      | 2743 ||| STAIRDANCE
  2747 | D:4      | 2747 ||| STAIRDANCE
  2751 | D:4      | 2751 ||| STAIRDANCE
  2755 | D:4      | 2755 ||| STAIRDANCE
  2759 | D:4      | 2759 ||| STAIRDANCE
  2767 | D:4      | 2767 ||| STAIRDANCE
  2775 | D:4      | 2775 ||| STAIRDANCE
  2793 | D:4      | 2793 ||| STAIRDANCE
  2797 | D:4      | 2797 ||| STAIRDANCE
  2817 | D:4      | 2817 ||| STAIRDANCE
  2821 | D:4      | 2821 ||| STAIRDANCE
  2826 | D:4      | 2826 ||| STAIRDANCE
  2830 | D:4      | 2830 ||| STAIRDANCE
  2834 | D:4      | 2834 ||| STAIRDANCE
  2849 | D:4      | 2849 ||| STAIRDANCE
  3115 | D:3      | 3115 ||| Stepping randomly (stuck).
  3226 | D:4      | 3226 ||| Stepping ~*~*~tactically~*~*~ (stealth).
  3500 | D:4      | 3500 ||| FLEEEEING.
  3501 | D:4      | 3501 ||| FLEEEEING.
  3504 | D:4      | 3504 ||| FLEEEEING.
  3505 | D:4      | 3505 ||| FLEEEEING.
  3507 | D:4      | 3507 ||| FLEEEEING.
  3510 | D:4      | 3510 ||| UPGRADING to +4 ring of protection.
  3511 | D:4      | 3511 ||| READING scroll labelled CAUDUS ATOIGU.
  3537 | D:3      | 3537 ||| Stepping randomly (stuck).
  3650 | D:4      | 3650 ||| Stepping ~*~*~tactically~*~*~ (hiding).
  3696 | D:4      | 3696 ||| Stepping ~*~*~tactically~*~*~ (stealth).
  3819 | D:4      | Reached skill level 7 in Axes
  4326 | D:4      | 4326 ||| READING scroll labelled ZIEL ERREFANON.
  4360 | D:5      | Entered Level 5 of the Dungeon
  4575 | D:5      | Reached XP level 8. HP: 46/48 MP: 8/8
  4834 | D:5      | 4834 ||| Stepping ~*~*~tactically~*~*~ (hiding).
  5094 | D:5      | 5094 ||| UPGRADING to +0 pair of gloves.
  5099 | D:5      | 5099 ||| READING scroll labelled NUAKUCROGEZ.
  5200 | D:5      | 5200 ||| READING 5 scrolls of identify.
  5200 | D:5      | 5200 ||| IDENTIFYING golden potion
  5267 | D:6      | 5267 ||| Stepping ~*~*~tactically~*~*~ (cloud).
  5378 | D:6      | 5378 ||| FLEEEEING.
  5379 | D:6      | 5379 ||| FLEEEEING.
  5380 | D:6      | 5380 ||| FLEEEEING.
  5381 | D:6      | 5381 ||| FLEEEEING.
  5382 | D:6      | 5382 ||| FLEEEEING.
  5383 | D:6      | 5383 ||| FLEEEEING.
  5385 | D:6      | 5385 ||| STAIRDANCE
  5406 | D:5      | 5406 ||| READING scroll labelled MIBESK KEDYUSE.
  5407 | D:5      | 5407 ||| READING 4 scrolls of identify.
  5407 | D:5      | 5407 ||| IDENTIFYING bubbling coppery potion
  5408 | D:5      | 5408 ||| DROPPING potion of berserk rage.
  5421 | D:6      | 5421 ||| DRINKING potion of curing.
  5421 | D:6      | 5421 ||| (to cure confusion)
  5423 | D:6      | Reached skill level 8 in Axes
  5439 | D:6      | 5439 ||| FLEEEEING.
  5440 | D:6      | 5440 ||| FLEEEEING.
  5441 | D:6      | 5441 ||| FLEEEEING.
  5442 | D:6      | 5442 ||| FLEEEEING.
  5443 | D:6      | 5443 ||| FLEEEEING.
  5457 | D:6      | Reached skill level 6 in Fighting
  5790 | D:6      | 5790 ||| Stepping ~*~*~tactically~*~*~ (stealth).
  5933 | D:6      | Noticed Pikel
  5934 | D:6      | 5934 ||| Stepping ~*~*~tactically~*~*~ (stealth).
  5936 | D:6      | 5936 ||| Stepping ~*~*~tactically~*~*~ (hiding).
  5955 | D:6      | Paralysed by Pikel for 4 turns
  5962 | D:6      | Killed Pikel
  5963 | D:6      | Reached skill level 9 in Axes
  5963 | D:6      | Reached XP level 9. HP: 36/55 MP: 9/9
  6041 | D:6      | Found a blossoming altar of Fedhas.
  6044 | D:6      | Found a white marble altar of Elyvilon.
  6055 | D:6      | 6055 ||| Stepping ~*~*~tactically~*~*~ (stealth).
  6058 | D:6      | 6058 ||| Stepping ~*~*~tactically~*~*~ (stealth).
  6059 | D:6      | 6059 ||| Stepping ~*~*~tactically~*~*~ (stealth).
  6324 | D:6      | 6324 ||| UPGRADING to +5 ring of evasion.
  6361 | D:7      | Found a staircase to the Ecumenical Temple.
  6362 | D:7      | 6362 ||| PLANNING TEMPLE
  6368 | Temple   | Entered the Ecumenical Temple
  6404 | Temple   | 6404 ||| PLANNING OKAWARU WORSHIP
  6552 | Temple   | Became a worshipper of Warmaster Okawaru
  6553 | Temple   | 6553 ||| PLANNING D:1-11
  7258 | D:7      | 7258 ||| Stepping ~*~*~tactically~*~*~ (stealth).
  7308 | D:7      | 7308 ||| Stepping ~*~*~tactically~*~*~ (stealth).
  7326 | D:7      | 7326 ||| DROPPING +1 robe of resistance.
  7327 | D:7      | 7327 ||| UPGRADING to +0 plate armour.
  7337 | D:7      | 7337 ||| DROPPING +0 chain mail.
  7338 | D:7      | 7338 ||| UPGRADING to scarf of repulsion.
  7343 | D:7      | 7343 ||| READING scroll labelled FAECWO NUMU.
  7344 | D:7      | 7344 ||| DRINKING 2 brown potions.
  7414 | D:8      | Identified the +7 short sword of Greatest Utility {speed,
                  | Fly rElec}
  7533 | D:8      | 7533 ||| Stepping ~*~*~tactically~*~*~ (stealth).
  7534 | D:8      | 7534 ||| Stepping ~*~*~tactically~*~*~ (stealth).
  7535 | D:8      | 7535 ||| Stepping ~*~*~tactically~*~*~ (stealth).
  7536 | D:8      | 7536 ||| Stepping ~*~*~tactically~*~*~ (stealth).
  7540 | D:8      | 7540 ||| FLEEEEING.
  7541 | D:8      | 7541 ||| FLEEEEING.
  7542 | D:8      | 7542 ||| FLEEEEING.
  7543 | D:8      | 7543 ||| FLEEEEING.
  7544 | D:8      | 7544 ||| FLEEEEING.
  7572 | D:8      | 7572 ||| Stepping ~*~*~tactically~*~*~ (stealth).
  7573 | D:8      | 7573 ||| Stepping ~*~*~tactically~*~*~ (stealth).
  7580 | D:8      | 7580 ||| Stepping ~*~*~tactically~*~*~ (stealth).
  7581 | D:8      | 7581 ||| Stepping ~*~*~tactically~*~*~ (stealth).
  7582 | D:8      | 7582 ||| Stepping ~*~*~tactically~*~*~ (stealth).
  7593 | D:8      | Reached skill level 6 in Armour
  7671 | D:8      | Reached * piety under Okawaru
  7682 | D:8      | Found a bloodstained altar of Trog.
  7694 | D:8      | 7694 ||| Stepping ~*~*~tactically~*~*~ (stealth).
  7730 | D:8      | 7730 ||| INVOKING Heroism.
  7731 | D:8      | 7731 ||| INVOKING Heroism.
  7755 | D:8      | Reached skill level 10 in Axes
  7755 | D:8      | 7755 ||| INVOKING Heroism.
  7766 | D:8      | Reached XP level 10. HP: 37/63 MP: 7/10
  7768 | D:8      | 7768 ||| INVOKING Heroism.
  7772 | D:8      | Reached skill level 1 in Invocations
  7781 | D:8      | 7781 ||| INVOKING Heroism.
  7799 | D:8      | 7799 ||| INVOKING Heroism.
  7799 | D:8      | HP: 15/64 [gnoll bouda/+0 whip (6)]
  7800 | D:8      | 7800 ||| READING 2 scrolls of teleportation.
  7801 | D:8      | 7801 ||| DRINKING 3 potions of heal wounds.
  8186 | D:8      | 8186 ||| READING scroll labelled NIUGGO LOTE.
  8365 | D:9      | 8365 ||| Stepping ~*~*~tactically~*~*~ (hiding).
  8413 | D:9      | Reached skill level 3 in Invocations
  8509 | D:9      | 8509 ||| Stepping ~*~*~tactically~*~*~ (stealth).
  8522 | D:9      | 8522 ||| INVOKING Heroism.
  8529 | D:9      | Reached ** piety under Okawaru
  8555 | D:9      | 8555 ||| Stepping ~*~*~tactically~*~*~ (stealth).
  8632 | D:9      | 8632 ||| Stepping ~*~*~tactically~*~*~ (stealth).
  8714 | D:9      | Found a staircase to the Orcish Mines.
  8744 | D:9      | 8744 ||| INVOKING Heroism.
  8749 | D:9      | Reached skill level 11 in Axes
  8845 | D:9      | Found a snail-covered altar of Cheibriados.
  8845 | D:9      | Found a sparkling altar of Nemelex Xobeh.
  9010 | D:9      | 9010 ||| Stepping ~*~*~tactically~*~*~ (hiding).
  9055 | D:9      | 9055 ||| INVOKING Heroism.
  9077 | D:9      | 9077 ||| Stepping ~*~*~tactically~*~*~ (hiding).
  9083 | D:9      | 9083 ||| Stepping ~*~*~tactically~*~*~ (stealth).
  9084 | D:9      | 9084 ||| Stepping ~*~*~tactically~*~*~ (stealth).
  9085 | D:9      | 9085 ||| INVOKING Heroism.
  9144 | D:9      | Found a staircase to the Lair.
  9203 | D:9      | 9203 ||| PLANNING LAIR
  9203 | D:9      | 9203 ||| UPGRADING to +0 helmet.
  9208 | D:9      | 9208 ||| UPGRADING to amulet of the acrobat.
  9213 | D:9      | 9213 ||| UPGRADING to amulet of reflection.
  9223 | D:9      | 9223 ||| DROPPING amulet of the acrobat.
  9224 | D:9      | 9224 ||| READING scroll labelled DEKKOS RIPLUN.
  9225 | D:9      | 9225 ||| READING 9 scrolls of identify.
  9225 | D:9      | 9225 ||| IDENTIFYING ruby potion
  9226 | D:9      | 9226 ||| DROPPING potion of ambrosia.
  9243 | Lair:1   | Entered Level 1 of the Lair of Beasts
  9244 | Lair:1   | 9244 ||| INVOKING Heroism.
  9262 | Lair:1   | Reached skill level 9 in Fighting
  9262 | Lair:1   | Reached XP level 11. HP: 66/71 MP: 12/14
  9349 | Lair:1   | Reached *** piety under Okawaru
  9431 | Lair:1   | 9431 ||| Stepping ~*~*~tactically~*~*~ (stealth).
  9480 | Lair:1   | Noticed Grum
  9481 | Lair:1   | 9481 ||| Stepping ~*~*~tactically~*~*~ (stealth).
  9483 | Lair:1   | 9483 ||| Stepping ~*~*~tactically~*~*~ (stealth).
  9485 | Lair:1   | 9485 ||| Stepping ~*~*~tactically~*~*~ (stealth).
  9492 | Lair:1   | 9492 ||| INVOKING Heroism.
  9516 | Lair:1   | 9516 ||| INVOKING Heroism.
  9517 | Lair:1   | Killed Grum
  9579 | Lair:1   | 9579 ||| INVOKING Heroism.
  9604 | Lair:1   | 9604 ||| INVOKING Heroism.
  9820 | Lair:1   | 9820 ||| INVOKING Heroism.
  9822 | Lair:1   | 9822 ||| Stepping ~*~*~tactically~*~*~ (stealth).
  9835 | Lair:1   | Reached skill level 12 in Axes
  9875 | Lair:1   | 9875 ||| Stepping ~*~*~tactically~*~*~ (stealth).
  9877 | Lair:1   | 9877 ||| Stepping ~*~*~tactically~*~*~ (stealth).
  9892 | Lair:1   | 9892 ||| INVOKING Heroism.
  9910 | Lair:1   | Reached skill level 6 in Shields
 10040 | Lair:1   | 10040 ||| Stepping ~*~*~tactically~*~*~ (stealth).
 10081 | Lair:1   | Reached **** piety under Okawaru
 10197 | Lair:1   | Found a shimmering blue altar of Sif Muna.
 10198 | Lair:1   | 10198 ||| Stepping ~*~*~tactically~*~*~ (stealth).
 10204 | Lair:1   | 10204 ||| Stepping ~*~*~tactically~*~*~ (stealth).
 10205 | Lair:1   | 10205 ||| Stepping ~*~*~tactically~*~*~ (stealth).
 10207 | Lair:1   | 10207 ||| Stepping ~*~*~tactically~*~*~ (stealth).
 10215 | Lair:1   | 10215 ||| Stepping ~*~*~tactically~*~*~ (hiding).
 10216 | Lair:1   | 10216 ||| Stepping ~*~*~tactically~*~*~ (hiding).
 10425 | Lair:1   | 10425 ||| UPGRADING to +0 pair of boots.
 10430 | Lair:1   | 10430 ||| READING 8 scrolls of identify.
 10430 | Lair:1   | 10430 ||| IDENTIFYING red potion
 10474 | Lair:2   | 10474 ||| INVOKING Heroism.
 10553 | Lair:2   | 10553 ||| INVOKING Heroism.
 10567 | Lair:2   | Reached skill level 9 in Armour
 10568 | Lair:2   | 10568 ||| Stepping ~*~*~tactically~*~*~ (stealth).
 10569 | Lair:2   | 10569 ||| Stepping ~*~*~tactically~*~*~ (stealth).
 10638 | Lair:2   | 10638 ||| INVOKING Heroism.
 10685 | Lair:2   | 10685 ||| INVOKING Heroism.
 10698 | Lair:2   | Received a gift from Okawaru
 10736 | Lair:2   | 10736 ||| Stepping ~*~*~tactically~*~*~ (stealth).
 10738 | Lair:2   | 10738 ||| INVOKING Heroism.
 10742 | Lair:2   | Reached XP level 12. HP: 77/77 MP: 13/16
 10812 | Lair:2   | Noticed a catoblepas
 10813 | Lair:2   | 10813 ||| INVOKING Heroism.
 10833 | Lair:2   | Killed a catoblepas
 10834 | Lair:2   | Reached skill level 3 in Throwing
 10839 | Lair:2   | 10839 ||| Stepping ~*~*~tactically~*~*~ (stealth).
 10843 | Lair:2   | 10843 ||| Stepping ~*~*~tactically~*~*~ (stealth).
 10844 | Lair:2   | 10844 ||| Stepping ~*~*~tactically~*~*~ (stealth).
 10865 | Lair:2   | Received a gift from Okawaru
 10867 | Lair:2   | 10867 ||| INVOKING Heroism.
 10986 | Lair:2   | Reached skill level 6 in Invocations
 11028 | Lair:2   | 11028 ||| Stepping ~*~*~tactically~*~*~ (stealth).
 11062 | Lair:2   | 11062 ||| INVOKING Heroism.
 11069 | Lair:2   | Noticed a skyshark
 11082 | Lair:2   | HP: 17/77 [basilisk (3)]
 11083 | Lair:2   | 11083 ||| READING 4 scrolls of teleportation.
 11084 | Lair:2   | 11084 ||| DRINKING 2 potions of heal wounds.
 11088 | Lair:2   | 11088 ||| INVOKING Heroism.
 11100 | Lair:2   | 11100 ||| Stepping ~*~*~tactically~*~*~ (stealth).
 11103 | Lair:2   | 11103 ||| Stepping ~*~*~tactically~*~*~ (stealth).
 11121 | Lair:2   | 11121 ||| INVOKING Heroism.
 11142 | Lair:2   | 11142 ||| Stepping ~*~*~tactically~*~*~ (stealth).
 11149 | Lair:2   | 11149 ||| FLEEEEING.
 11150 | Lair:2   | 11150 ||| FLEEEEING.
 11151 | Lair:2   | 11151 ||| FLEEEEING.
 11152 | Lair:2   | 11152 ||| FLEEEEING.
 11154 | Lair:2   | 11154 ||| FLEEEEING.
 11166 | Lair:2   | Killed a skyshark
 11668 | Lair:2   | 11668 ||| READING 7 scrolls of identify.
 11668 | Lair:2   | 11668 ||| IDENTIFYING coppery potion
 11681 | Lair:3   | 11681 ||| INVOKING Heroism.
 11811 | Lair:3   | 11811 ||| FLEEEEING.
 11820 | Lair:3   | 11820 ||| STAIRDANCE
 11822 | Lair:2   | 11822 ||| FLEEEEING.
 11825 | Lair:2   | 11825 ||| FLEEEEING.
 11826 | Lair:2   | 11826 ||| FLEEEEING.
 12032 | Lair:3   | Noticed a catoblepas
 12033 | Lair:3   | 12033 ||| INVOKING Heroism.
 12044 | Lair:3   | Killed a catoblepas
 12061 | Lair:3   | Noticed a five-headed hydra
 12069 | Lair:3   | 12069 ||| SWAPPING to +0 flail.
 12082 | Lair:3   | 12082 ||| INVOKING Heroism.
 12086 | Lair:3   | HP: 14/77 [five-headed hydra (7)]
 12086 | Lair:3   | HP: 6/77 [five-headed hydra (8)]
 12087 | Lair:3   | 12087 ||| READING 3 scrolls of teleportation.
 12087 | Lair:3   | Slain by a five-headed hydra

Levels and vault maps discovered:
D:1:      minmay_arrival_widening_spiral_wide, layout_loops_ring, serial_shops,
          shop
D:2:      layout_basic, chequers_serial_rivers_room_b, minmay_tetromino_i2,
          uniq_sigmund, uniq_jessica, uniq_terence
D:3:      layout_loops_corners, nicolae_overflow_ecumenical_swirl,
          mainiacjoe_overflow_24_doors, columned_hall_lemuel
D:4:      layout_basic, grunt_ministairs_10, bh_walls_and_bars
D:5:      layout_basic
D:6:      layout_cave_pods, grunt_temple_overflow_open, uniq_pikel
D:7:      layout_gridville, minmay_temple_entry_slanted
D:8:      kennysheep_blocky_hall, layout_rooms, old_standard_altar,
          amcnicky_mini_pool_small
D:9:      layout_rooms, amethyst_overflow_temple_binary, erik_lair_dragon,
          david_orc_1_choice
Temple:   eino_narrow_crystal_temple
Lair:1:   layout_roguey, lemuel_centaur_altar, grunt_megastairs_1, uniq_grum
Lair:2:   layout_chaotic_city, guppyfry_lair_drakes, grunt_megastairs_5
Lair:3:   layout_big_grid, minmay_swamp_entry_wisps,
          nicolae_snake_entry_warm_welcome, lemuel_fruit_tree

Skill      XL: |  1  2  3  4  5  6  7  8  9 10 11 12 |
---------------+-------------------------------------+-----
Axes           | 2 3 5 6 7 9 10 11 12 | 12.8
Fighting       | 4 6 7 9 10 | 10.0
Throwing       | 1 2 4 |  4.8
Dodging        | 1 2 |  2.3
Armour         | 4 6 7 9 |  9.0
Shields        | 4 5 6 |  6.0
Invocations    | 4 5 6 |  6.8

Action                     |  1- 3 |  4- 6 |  7- 9 | 10-12 || total
---------------------------+-------+-------+-------+-------++-------
  Melee: War axe           |    87 |   122 |   431 |   597 ||  1237
         Flail             |       |       |       |    16 ||    16
  Throw: Javelin           |       |     6 |    54 |    14 ||    74
         Boomerang         |       |       |    39 |    82 ||   121
 Invoke: Heroism           |       |       |     2 |    27 ||    29
    Use: Scroll            |     3 |     4 |     7 |     8 ||    22
         Potion            |       |     2 |     2 |     2 ||     6
 Armour: Scale mail        |    29 |       |       |       ||    29
         Chain mail        |    34 |    73 |   234 |       ||   341
         Plate armour      |       |       |    71 |   278 ||   349
  Dodge: Dodged            |    26 |    40 |   233 |   291 ||   590
  Block: Buckler           |    16 |    25 |    87 |   252 ||   380
         Reflection        |       |       |       |    12 ||    12

Table legend:
 A = Non-vault XP
 B = Vault XP
 C = Vault XP percentage of total XP
 D = Non-vault monster count
 E = Vault monster count
 F = Vault count percentage of total count
                 A         B        C        D         E       F
            +---------+---------+-------+---------+---------+-------
      Total |   19076 |    7695 |  28.7 |     249 |      45 |  15.3
            +---------+---------+-------+---------+---------+-------
        D:1 |      34 |       0 |   0.0 |      18 |       0 |   0.0
        D:2 |      61 |     280 |  82.1 |      23 |       4 |  14.8
        D:3 |     383 |       8 |   2.0 |      28 |       1 |   3.4
        D:4 |     295 |       0 |   0.0 |      25 |       0 |   0.0
        D:5 |     359 |       0 |   0.0 |      12 |       0 |   0.0
        D:6 |     971 |     685 |  41.4 |      31 |       1 |   3.1
        D:7 |     565 |       0 |   0.0 |      11 |       0 |   0.0
        D:8 |    1176 |     422 |  26.4 |      33 |       4 |  10.8
        D:9 |    2188 |    1509 |  40.8 |      19 |      13 |  40.6
     Lair:1 |    4052 |    3106 |  43.4 |      20 |      16 |  44.4
     Lair:2 |    6128 |    1685 |  21.6 |      21 |       6 |  22.2
     Lair:3 |    2864 |       0 |   0.0 |       8 |       0 |   0.0
            +---------+---------+-------+---------+---------+-------
